 Dungeon Crawl Stone Soup version 0.27.0-1-g7a089689b8 (webtiles) character file.

Game seed: 14278860380148623937

57 horus123 the Shield-Bearer (level 3, -3/49 HPs)
             Began as a Minotaur Fighter on Aug 15, 2021.
             Killed from afar by an orc wizard (7 damage)
             ... with a puff of flame
             ... on level 4 of the Dungeon.
             The game lasted 00:03:06 (1440 turns).

horus123 the Shield-Bearer (Minotaur Fighter)       Turns: 1440, Time: 00:03:07

Health: -3/49      AC: 21    Str: 21    XL:     3   Next: 73%
Magic:  2/2        EV:  2    Int:  5    God:
Gold:   77         SH: 14    Dex:  9    Spells: 2/2 levels left

rFire    . . .     SeeInvis .   a - +0 war axe
rCold    . . .     Faith    .   i - +0 tower shield
rNeg     + + +     Spirit   .   (armour currently unavailable)
rPois    +         Reflect  .   (helmet currently unavailable)
rElec    .         Harm     .   (cloak currently unavailable)
rCorr    .         Rampage  .   (gloves currently unavailable)
Will     .....     NoTele   +   (boots currently unavailable)
Stlth    +.........             h - amulet of regeneration
HPRegen  1.16/turn              (no ring)
MPRegen  0.08/turn              (no ring)

@: brilliant, tree-form
A: stationary, stasis, torment immunity, boosted hp, (horns 2), (retaliatory
headbutt)
a: no special abilities


You were on level 4 of the Dungeon.
You were a tree.
You visited 1 branch of the dungeon, and saw 3 of its levels.

You collected 77 gold pieces.

Inventory:

Hand Weapons
 a - a +0 war axe (weapon)
Armour
 b - a +0 scale mail
 e - a +2 cloak of preservation (melded)
 i - a +0 tower shield (worn)
 k - a +0 chain mail (melded)
Jewellery
 h - an amulet of regeneration (around neck)
Potions
 d - a potion of might
 f - a potion of attraction
 g - 2 potions of lignification


   Skills:
 + Level 4.1 Fighting
 + Level 3.3 Axes
 + Level 4.2 Armour
 + Level 0.3 Dodging
 + Level 4.2 Shields


You had 2 spell levels left.
You didn't know any spells.
Your spell library was empty.

Dungeon Overview and Level Annotations

Branches:
Dungeon (2/15)

Altars:


Innate Abilities, Weirdness & Mutations

You are a tree.
Your roots penetrate the ground, keeping you stationary.
You cannot be teleported.
You are immune to unholy pain and torment.
Your maximum health is greatly increased.
Your equipment is partially melded.
((You have a pair of horns on your head.))
((You reflexively headbutt those who attack you in melee.))


Message History

* * * LOW HITPOINT WARNING * * *
The jackal bites you.
* * * LOW HITPOINT WARNING * * *
The orc barely misses you. The orc hits you with a +0 flail.
* * * LOW HITPOINT WARNING * * *
You hear some strange, mumbled words.
Something tries to affect you, but you resist.
You block the orc priest's attack.
It was a potion of lignification.
You turn into a tree.
Your +2 cloak of preservation melds into your body.
Your +0 chain mail melds into your body.
Your roots penetrate the ground.
You block the jackal's attack.
The orc hits you but does no damage. x2; You block something's attack.
The orc priest looks braver for a moment.
It was a potion of brilliance.
You feel clever all of a sudden. You block the jackal's attack.
The orc hits you but does no damage. You block the orc's attack.
You hear some strange, mumbled words.
A magic dart appears from out of thin air!
The magic dart hits you.
* * * LOW HITPOINT WARNING * * *
The jackal bites you but does no damage.
The orc priest hits you but does no damage.
You barely miss the orc priest.
The orc priest is moderately wounded.
Your shield prevents you from hitting the orc.
Your shield prevents you from hitting something.
You hit the orc.
Your shield prevents you from hitting the jackal.
The jackal bites you but does no damage.
The orc hits you but does no damage. The orc hits you with a +0 mace.
* * * LOW HITPOINT WARNING * * *
Something hits you but does no damage. You block the orc priest's attack.
The jackal bites you but does no damage.
You block the orc's attack. The orc hits you but does no damage.
You hear some strange, mumbled words.
A puff of flame appears from out of thin air!
The puff of flame hits you!
You die...

.. .$. ....
....#######
..........#
..........#
......o†{.#
......o♣..#
......ho..#
###########


You could see an orc priest, 2 orcs and a jackal.

Vanquished Creatures
  An adder (D:2)
  A dart slug (D:1)
  An endoplasm (D:2)
  3 giant cockroaches (D:1)
  5 hobgoblins
  6 jackals
  4 quokkas
  2 ball pythons (D:1)
  3 bats (D:1)
  5 frilled lizards
  7 kobolds
  6 rats (D:1)
44 creatures vanquished.

Notes
Turn   | Place    | Note
-------+----------+-------------------------------------------
     0 | D:1      | horus123 the Minotaur Fighter began the quest for the Orb.
     0 | D:1      | Reached XP level 1. HP: 19/19 MP: 0/0
   193 | D:1      | Reached XP level 2. HP: 27/27 MP: 1/1
   635 | D:1      | Found a faded altar of an unknown god.
   658 | D:1      | Reached XP level 3. HP: 32/33 MP: 2/2
  1423 | D:2      | You fall into a shaft and drop 2 floors!
  1440 | D:4      | Killed from afar by an orc wizard

Illustrated notes

Levels and vault maps discovered:
D:1:      sevenhm_arrival_forest_fort_large_4, layout_loops_ring,
          chequers_ecumenical_altar_simple_redux, minivault_4
D:2:      layout_basic
D:4:      layout_basic, nicolae_dithmenos_through_a_glass_darkly,
          chequers_temple_overflow_statue_of_worship, uniq_menkaure,
          uniq_blork_the_orc, uniq_pikel

Skill      XL: |  1  2  3 |
---------------+----------+-----
Fighting       | 4 |  4.1
Shields        | 4 |  4.2
Armour         | 4 |  4.2
Axes           | 3 |  3.3
Dodging        | |  0.3

Action                   || total
-------------------------++-------
Melee: War axe           ||    99
       Headbutt          ||    15
  Use: Scroll            ||     1
       Potion            ||     2
Armor: Scale mail        ||    61
       Chain mail        ||    14
       Skin              ||    10
Dodge: Dodged            ||    29
Block: Kite shield       ||    27
       Tower shield      ||    81
